Map: Dusty Gorge

Players

AlphaSquad

  • Race: Terran Terran
  • League: Gold
  • Spawn Location: 5:00

BRONCO

  • Race: Protoss Protoss
  • Spawn Location: 3:00

MonstroTown - Winner!

  • Race: Terran Terran
  • Spawn Location: 9:00

Michael - Winner!

  • Race: Zerg Zerg
  • Spawn Location: 11:00

VOD

Have the link to the VOD?

Description

Time

  • Played on: Aug. 25, 2018, 4:44 p.m.
  • Length: 3:51
Show
View Real Time Build Order
Export as new Build Order

AlphaSquad Terran 

Build Orders:  

Get SALT Encoding   

  12  0:04  SCV  
  13  0:16  SCV  
  14  0:25  Supply Depot  
  14  0:28  SCV  
  15  0:47  SCV, Refinery  
  16  0:52  Refinery  
  16  0:59  SCV  
  18  1:11  SCV, Barracks  
  18  1:23  SCV  
  19  1:35  SCV  
  20  1:41  Command Center  
  20  1:55  SCV  
  21  2:07  SCV  
  22  2:18  Marine  
  23  2:36  Reaper  
  23  2:40  Supply Depot  
  21  3:04  Command Center, SCV  
  22  3:08  Marine  
  23  3:16  SCV  
  23  3:28  SCV  
  22  3:42  Barracks Reactor  
  22  3:46  Barracks  
Show
View Real Time Build Order
Export as new Build Order

BRONCO Protoss 

Build Orders:  

Get SALT Encoding   

  12  0:09  Probe  
  13  0:20  Pylon  
  13  0:21  Probe  
  14  0:30  Probe  
  15  0:38  Probe  
  16  0:47  Probe  
  16  0:56  Probe  
  18  1:04  Probe  
  19  1:12  Nexus  
  19  1:14  Probe  
  20  1:26  Probe  
  20  1:30  Pylon  
  21  1:33  Gateway  
  21  1:50  Probe  
  22  2:02  Probe  
  23  2:10  Probe  
  23  2:12  Assimilator  
  24  2:16  Assimilator  
  24  2:18  Probe  
  25  2:26  Cybernetics Core  
  25  2:28  Forge  
  25  2:29  Probe  
  26  2:42  Pylon  
  26  2:43  Zealot  
  28  2:49  Probe  
  29  3:01  Probe  
  30  3:13  Probe  
  30  3:14  Photon Cannon x2  
  30  3:17  Photon Cannon  
  31  3:25  Probe  
  27  3:37  Probe  
Show
View Real Time Build Order
Export as new Build Order

MonstroTown Terran - Winner!

Build Orders: Reaper Expand 

Get SALT Encoding   

  12  0:01  SCV  
  13  0:13  SCV  
  14  0:18  Supply Depot  
  14  0:25  SCV  
  15  0:40  SCV  
  15  0:42  Barracks  
  16  0:48  Refinery  
  16  0:53  SCV  
  17  1:05  SCV  
  18  1:17  SCV  
  19  1:31  Reaper  
  20  1:37  Command Center  
  20  1:44  Orbital Command  
  20  1:57  Barracks  
  20  2:12  SCV  
  21  2:17  Barracks Reactor  
  21  2:21  Supply Depot  
  21  2:24  SCV  
  22  2:38  SCV  
  22  2:50  SCV  
  23  2:57  Orbital Command  
  23  3:00  Reaper x2  
  23  3:02  Barracks Tech Lab, SCV  
  25  3:06  Refinery  
  25  3:14  SCV  
  25  3:16  Factory  
  26  3:26  SCV  
  26  3:27  SCV  
  28  3:38  SCV  
Show
View Real Time Build Order
Export as new Build Order

Michael Zerg - Winner!

Build Orders: Hatch First 

Get SALT Encoding   

  12  0:01  Drone  
  13  0:13  Overlord  
  13  0:18  Drone  
  14  0:31  Drone x2  
  14  0:35  Drone  
  17  0:56  Hatchery  
  16  0:57  Drone  
  16  1:00  Drone  
  16  1:03  Extractor  
  17  1:17  Spawning Pool  
  16  1:21  Drone  
  16  1:24  Drone  
  18  1:28  Drone  
  19  1:41  Drone  
  20  1:49  Overlord  
  20  2:06  Queen  
  20  2:08  Metabolic Boost  
  22  2:09  Zergling x2  
  22  2:10  Zergling x2  
  24  2:17  Zergling x2  
  24  2:19  Zergling x2  
  24  2:22  Zergling x2  
  27  2:25  Queen  
  29  2:30  Zergling x2  
  29  2:36  Zergling x2  
  31  2:40  Zergling x2  
  31  2:43  Zergling x2  
  33  2:54  Lair  
  33  3:04  Roach Warren  
  32  3:10  Zergling x2  
  32  3:11  Zergling x4  
  35  3:27  Drone  
Tags
 
Add a new tag
Caveats
  • Supply blocks, unpowered buildings, or Contaminate may cause inaccurate times.
  • Supply counts are checked every 10 seconds.